Cogmind - Beta 10.2 @@@ ROGUE MODE // 2021.02.09 @ 22:13:38 Player: ILikeVoltron Result: Self-destructed Performance ------------- Evolutions (3) 1500 Regions Visited (4) 800 Robots Destroyed (68) 340 Value Destroyed (1780) 1780 Prototype IDs (5) 100 Alien Tech Used (0) 0 Bonus (65) 65 TOTAL SCORE: 4585 Bonus ------- High Alert Combat Kills 65 Cogmind --------- Core Integrity 455/700 Matter 147/300 Energy 100/100 System Corruption 1% Temperature Cool (0) Movement Core (300) Ox5 Location -7/Factory Parts ------- > --- POWER (1) -------- (None) > --- PROPULSION (4) --- (None) > --- UTILITY (6) ------ Large Storage Unit Hacking Suite > --- WEAPON (2) ------- (None) > --- INVENTORY (10) --- Large Storage Unit High-capacity Battery (400) Shield Generator Tractor Beam Heavy Assault Rifle Heavy Hammer Peak State ------------ > --- POWER ------------ Light Nuclear Core > --- PROPULSION ------- Aluminum Leg Aluminum Leg Improved Aluminum Leg Carbon-fiber Leg > --- UTILITY ---------- Improved Heat Sink Large Storage Unit Visual Processing Unit Advanced Sensor Array Advanced Terrain Scan Processor Hacking Suite > --- WEAPON ----------- Gatling Laser Mini Grenade Launcher > --- INVENTORY -------- Airjet Large Storage Unit High-capacity Battery Shield Generator Tractor Beam Heavy Assault Rifle Gauss Rifle Gauss Rifle EMP Blaster Heavy Hammer [Rating: 34] Favorites ----------- Power Light Deuterium Engine Engine Light Deuterium Engine Power Core Light Nuclear Core Propulsion Aluminum Leg Treads Light Treads Leg Aluminum Leg Wheel Armored Wheel Hover Unit Airjet Utility Visual Processing Unit Device Structural Scanner Storage High-capacity Battery Processor Visual Processing Unit Hackware Hacking Suite Protection Light Armor Plating Weapon Mini Grenade Launcher Energy Gun Improved Medium Laser Ballistic Gun Assault Rifle Launcher Mini Grenade Launcher Impact Weapon Heavy Hammer Build | -11 -10 -9 -8 -7 ------- Run | Scr Mat Mat Mat Fac Slots Evolved 6 | . . 2 2 2 Power . | . . . . . Propulsion 2 | . . . . 2 Utility 4 | . . 2 2 . Weapon . | . . . . . Parts Attached 65 | . 7 28 17 13 Power 7 | . 1 3 2 1 Engine 5 | . 1 3 1 . Core 2 | . . . 1 1 Reactor . | . . . . . Propulsion 21 | . 3 9 4 5 Treads 2 | . . 2 . . Leg 12 | . 3 2 3 4 Wheel 1 | . . 1 . . Hover 6 | . . 4 1 1 Flight . | . . . . . Utility 21 | . 1 9 8 3 Device 12 | . . 5 6 1 Storage 3 | . 1 1 1 . Processor 3 | . . 2 1 . Hackware 1 | . . . . 1 Protection 2 | . . 1 . 1 Artifact . | . . . . . Weapon 16 | . 2 7 3 4 Energy Gun 5 | . . 4 . 1 Energy Cannon . | . . . . . Ballistic Gun 7 | . 2 2 1 2 Ballistic Cannon . | . . . . . Launcher 3 | . . 1 1 1 Special Weapon . | . . . . . Impact Weapon 1 | . . . 1 . Slashing Weapon . | . . . . . Piercing Weapon . | . . . . . Special Melee Weapon . | . . . . . Unidentified Prototypes 1 | . . 1 . . Parts Lost 23 | . 4 . 4 15 Power 2 | . . . 1 1 Propulsion 9 | . 3 . 1 5 Utility 6 | . . . 2 4 Weapon 6 | . 1 . . 5 Highest Loss Streak 11 | . 2 . 3 11 Average Slot Usage (%) 90 | . 79 96 93 81 Engine 8 | . 14 11 6 . Core 1 | . . . 1 5 Treads 2 | . . 6 . . Leg 10 | . 21 . 13 19 Wheel 1 | . . 2 . . Hover 5 | . . 12 1 . Device 10 | . . 6 25 13 Storage 15 | . 26 19 9 7 Processor 10 | . . 12 12 12 Hackware 1 | . . . . 6 Protection 2 | . . 2 4 . Energy Gun 5 | . . 10 3 2 Ballistic Gun 7 | . 16 6 7 3 Launcher 5 | . . 5 5 6 Naked Turns . | . . . . . Heaviest Build 34 | 10 15 31 34 33 Greatest Support 48 | 20 20 40 23 48 Greatest Overweight (x) 7 | . 4 2 3 7 Average Overweight (x) . | . . . 1 . Largest Inventory Capacity 10 | 6 6 8 10 10 Average Capacity 8 | 6 6 6 9 10 Most Carried 10 | 6 6 8 10 10 Average Carried 7 | 6 5 6 8 9 Final Capacity 10 | 6 6 8 10 10 Final Carried 10 | 6 5 8 10 6 Class Distribution -------------------- 66% | Mutant 33% | Scavenger-Mutant Dominant Class ---------------- Mutant | -10/Materials Mutant | -9/Materials Scavenger-Mutant | -8/Materials Scavenger-Mutant | -7/Factory Resources | -11 -10 -9 -8 -7 ----------- Run | Scr Mat Mat Mat Fac Matter Collected 1461 | 208 198 510 475 70 Remotely 212 | . . . 212 . Salvage Created 1990 | 81 432 650 561 266 Parts 132 | 3 30 40 46 13 Haulers Intercepted 1 | . . 1 . . Recyclers Shooed 10 | . 6 2 2 . Parts Field Recycled 11 | . . 11 . . Retrieved Matter 77 | . . 77 . . Parts Self-Destructed . | . . . . . Prevented . | . . . . . Kills | -11 -10 -9 -8 -7 ------- Run | Scr Mat Mat Mat Fac Combat Hostiles Destroyed 39 | . 6 10 14 9 Melee 1 | . . . 1 . Guns 17 | . 6 6 4 1 AOE 20 | . . 4 8 8 Classes Destroyed 13 | 1 3 7 . 2 Worker 5 | . . 3 2 . Builder 6 | . 1 2 3 . Tunneler 1 | . . 1 . . Hauler 1 | . . 1 . . Recycler 9 | 1 3 2 2 1 Operator 3 | . . 3 . . Watcher 4 | . . 3 1 . Swarmer 10 | . 3 . 7 . Grunt 18 | . 3 4 4 7 Brawler 1 | . . 1 . . Duelist 1 | . . . . 1 Sentry 8 | . . 5 3 . Programmer 1 | . . . . 1 Best Kill Streak 11 | 1 3 8 11 7 Combat Bots Only 6 | . 3 3 6 6 Max Kills in Single Turn 3 | 1 1 2 3 3 Gunslinging . | . . . . . Exploded 2 | . . 1 2 2 Melee 1 | . . . 1 . Uniques/NPCs Destroyed . | . . . . . Combat | -11 -10 -9 -8 -7 -------- Run | Scr Mat Mat Mat Fac Damage Taken 3121 | . 617 506 600 1398 Core 701 | . 158 183 115 245 Absorbed by Shields 18 | . . 18 . . Core Remaining (%) 67 | 100 36 54 79 . Volleys Fired 212 | 2 67 79 44 20 Largest 2 | 2 2 2 2 2 Hottest 112 | 40 40 112 79 110 Shots Fired 257 | 4 73 96 55 29 Gun 213 | 4 73 75 46 15 Cannon . | . . . . . Launcher 44 | . . 21 9 14 Special . | . . . . . Kinetic 177 | 4 73 51 41 8 Thermal 36 | . . 24 5 7 Explosive 43 | . . 21 9 13 Electromagnetic 1 | . . . . 1 Robot Hit Streak 14 | 2 8 14 8 8 Robot Miss Streak 4 | 1 1 3 4 2 Penetration Max . | . . . . . Secondary Targets . | . . . . . Shots Hit Robots 167 | 3 56 56 34 18 Core Hits 115 | 2 19 41 30 23 Critical Hits 1 | . . 1 . . Critical Kills . | . . . . . Critical Parts Destroyed 1 | . . 1 . . Melee Attacks 6 | . . . 6 . Impact 6 | . . . 6 . Slashing . | . . . . . Piercing . | . . . . . Sneak Attacks . | . . . . . Combat Hostiles . | . . . . . Follow-up Attacks . | . . . . . Damage Inflicted 5031 | 30 571 1412 1385 1633 Guns 2102 | 30 570 691 554 257 Cannons . | . . . . . Explosions 2827 | . . 721 730 1376 Melee 101 | . . . 101 . Ramming 1 | . 1 . . . Kinetic 1692 | 30 570 469 512 111 Thermal 835 | . . 222 42 571 Explosive 2381 | . . 721 730 930 Electromagnetic 21 | . . . . 21 Impact 101 | . . . 101 . Slashing . | . . . . . Piercing . | . . . . . Highest Corruption 1 | . . . . 1 Average Corruption 1 | . . . . 1 Corruption Purged . | . . . . . Overload Shots . | . . . . . Overflow Damage 351 | . . . 36 315 Projectiles . | . . . . . Explosions 315 | . . . . 315 Melee 36 | . . . 36 . Knockbacks 2 | . . . 2 . Impact 1 | . . . 1 . Kinetic . | . . . . . Secondary 1 | . . . 1 . Self-Inflicted Damage 562 | . . 24 45 493 Shots 9 | . . 1 1 7 Rammed 1 | . 1 . . . Targets Rammed 2 | . 2 . . . Kicked 1 | . 1 . . . Crushed . | . . . . . Highest Temperature 384 | . 6 384 3 21 Average Temperature 85 | . 6 118 3 8 Received Heat Transfer 885 | . 180 186 117 402 Effects 3 | . . 3 . . Shutdowns 1 | . . 1 . . Interference 2 | . . 2 . . Siege Activations . | . . . . . Robots Corrupted . | . . . . . Combat Hostiles . | . . . . . Parts Fried 1 | . . . 1 . Impact Corruptions 2 | . . . 2 . Robots Melted . | . . . . . Combat Hostiles . | . . . . . Parts Melted 1 | . . . 1 . Heat Transferred 1167 | . . 481 111 575 Parts Sabotaged . | . . . . . Parts Stolen . | . . . . . Parts Stripped . | . . . . . Power Chain Reactions . | . . . . . Missiles Intercepted . | . . . . . Alert | -11 -10 -9 -8 -7 ------- Run | Scr Mat Mat Mat Fac Peak Influence 642 | 5 128 337 642 491 Initial 291 | . 3 53 94 291 Average 210 | 3 70 209 283 240 Maximum Alert Level 2 | . . 1 2 2 Low Security (%) 53 | 100 100 44 48 48 Level 1 38 | . . 55 16 46 Level 2 7 | . . . 34 4 Level 3 . | . . . . . Level 4 . | . . . . . Level 5 . | . . . . . High Security . | . . . . . Max Security . | . . . . . Squads Dispatched 8 | . 1 3 2 2 Investigation 3 | . . 2 . 1 Extermination 1 | . . . . 1 Reinforcement 4 | . 1 1 2 . Assault . | . . . . . Garrison . | . . . . . Intercept . | . . . . . Construction Impeded 2 | . . . 2 . Haulers Reinforced . | . . . . . Stealth | -11 -10 -9 -8 -7 --------- Run | Scr Mat Mat Mat Fac Distress Signals 13 | . 2 4 7 . Communications Jammed . | . . . . . Distress Signals . | . . . . . Times Spotted 62 | . 10 17 21 14 Peak Tracking Total 6 | . 4 3 6 5 Tactical Retreats 4 | . . . 2 2 Traps | -11 -10 -9 -8 -7 ------- Run | Scr Mat Mat Mat Fac Traps Triggered 3 | . 2 1 . . Indirectly . | . . . . . Trap Hack Attempts . | . . . . . Triggered . | . . . . . Disarmed . | . . . . . Reprogrammed . | . . . . . Reused . | . . . . . Traps Extracted . | . . . . . Installed . | . . . . . Triggered . | . . . . . Machines | -11 -10 -9 -8 -7 ---------- Run | Scr Mat Mat Mat Fac Machines Disabled 20 | . . 3 3 14 Max in Single Turn 5 | . . 1 2 5 Machines Sabotaged . | . . . . . Garrisons Compromised . | . . . . . Overloaded Fab Kills . | . . . . . Fab Network Shutdowns . | . . . . . Hacking | -11 -10 -9 -8 -7 --------- Run | Scr Mat Mat Mat Fac Machines Accessed 8 | . . 5 . 3 Terminals 8 | . . 5 . 3 Fabricators . | . . . . . Repair Stations . | . . . . . Recycling Units . | . . . . . Scanalyzers . | . . . . . Garrison Access . | . . . . . Total Hacks 26 | . . 18 . 8 Successful 14 | . . 9 . 5 Failed 12 | . . 9 . 3 Catastrophic 2 | . . 1 . 1 Database Lockouts . | . . . . . Manual 9 | . . 7 . 2 Terminals 26 | . . 18 . 8 Fabricators . | . . . . . Repair Stations . | . . . . . Recycling Units . | . . . . . Scanalyzers . | . . . . . Garrison Access . | . . . . . Terminal Hacks 13 | . . 8 . 5 Record 1 | . . . . 1 Prototype ID Bank 2 | . . 2 . . Branch Access Points 2 | . . 1 . 1 Emergency Access Points 1 | . . 1 . . Alert Level 1 | . . . . 1 Unreport Threat 1 | . . . . 1 Locate Traps 1 | . . 1 . . Transport Status 1 | . . 1 . . Hauler Manifests 2 | . . 1 . 1 Zone Layout 1 | . . 1 . . Fabricator Hacks . | . . . . . Repair Station Hacks . | . . . . . Recycling Unit Hacks . | . . . . . Scanalyzer . | . . . . . Garrison Access Hacks . | . . . . . Unauthorized Hacks 1 | . . 1 . . Terminals 1 | . . 1 . . Track 1 | . . 1 . . Fabricators . | . . . . . Repair Stations . | . . . . . Recycling Units . | . . . . . Scanalyzers . | . . . . . Garrison Access . | . . . . . Data Cores Recovered 1 | . . 1 . . Used 1 | . . 1 . . Hacking Detections 6 | . . 4 . 2 Full Trace Events 2 | . . 1 . 1 Feedback Events . | . . . . . Feedback Blocked . | . . . . . Robot Schematics Acquired . | . . . . . Robots Built . | . . . . . Matter . | . . . . . Time . | . . . . . Total Robot Build Rating . | . . . . . Part Schematics Acquired . | . . . . . Parts Built . | . . . . . Matter . | . . . . . Time . | . . . . . Total Part Build Rating . | . . . . . Parts Repaired . | . . . . . Time . | . . . . . Parts Recycled . | . . . . . Recycled Matter . | . . . . . Retrieved Matter . | . . . . . Retrieved Components . | . . . . . Parts Scanalyzed . | . . . . . Part Schematics Acquired . | . . . . . Parts Damaged . | . . . . . Bothacking | -11 -10 -9 -8 -7 ------------ Run | Scr Mat Mat Mat Fac Used RIF Installer . | . . . . . Robots Hacked . | . . . . . Non-combat . | . . . . . Combat . | . . . . . Robot Hacks Applied . | . . . . . Relay Couplers Released . | . . . . . Robots Rewired . | . . . . . Allies Hacked . | . . . . . Hacks Repelled . | . . . . . Allies | -11 -10 -9 -8 -7 -------- Run | Scr Mat Mat Mat Fac Total Allies . | . . . . . Largest Group . | . . . . . Highest-Rated Group . | . . . . . Highest-Rated Ally . | . . . . . Total Orders . | . . . . . Ally Attacks . | . . . . . Total Damage . | . . . . . Kills . | . . . . . Allies Corrupted . | . . . . . Allies Melted . | . . . . . Intel | -11 -10 -9 -8 -7 ------- Run | Scr Mat Mat Mat Fac Robot Analysis Total . | . . . . . Derelict Logs Recovered . | . . . . . Drone Launches . | . . . . . Drone Recoveries . | . . . . . Exploration | -11 -10 -9 -8 -7 ------------- Run | Scr Mat Mat Mat Fac Turns Passed 2121 | 13 278 962 395 473 Spaces Moved 1073 | 7 100 553 153 260 Core 15 | . 10 . . 5 Treads 74 | . . 74 . . Legs 510 | 7 90 19 143 251 Wheels 140 | . . 140 . . Hover 334 | . . 320 10 4 Flight . | . . . . . Fastest Speed 56 | 120 120 56 150 120 Average Speed 131 | 120 135 118 161 140 Slowest Speed 400 | 120 250 180 240 400 Overloaded Moves . | . . . . . Propulsion Burnouts . | . . . . . Robots Hopped . | . . . . . Cave-ins Triggered . | . . . . . Exploration Rate (%) 19 | 3 18 43 24 7 Regions Visited 4 Branch Regions . Pre-discovered Areas . | . . . . . Known Exits Taken . | . . . . . Unknown Exits Taken 4 | 1 1 1 1 . Scrap Searched . | . . . . . Spaces Dug . | . . . . . Terrain Destroyed 328 | . . 130 76 122 Melee . | . . . . . Projectile 3 | . . . 3 . AOE 325 | . . 130 73 122 Terrain Rammed . | . . . . . Walls Destroyed . | . . . . . Machines Disabled . | . . . . . Actions | -11 -10 -9 -8 -7 --------- Run | Scr Mat Mat Mat Fac Total 1525 | 8 176 771 233 337 Wait 112 | . . 74 1 37 Move 1069 | 6 99 552 152 260 Hop . | . . . . . Pick Up 16 | . . 12 3 1 Fast Attach 32 | . 5 14 8 5 Attach 15 | . 1 4 5 5 Detach 7 | . . 1 5 1 Swap 18 | . 1 10 4 3 Drop 36 | . 1 25 5 5 Fire 212 | 2 67 79 44 20 Melee 6 | . . . 6 . Ram . | . . . . . Kick 2 | . 2 . . . Crush . | . . . . . Escape Stasis . | . . . . . Rewire . | . . . . . Trap . | . . . . . Miscellaneous . | . . . . . Route ------- -11/Scrapyard -10/Materials -9/Materials (discovered 3 exits: [*Mat] / Min x2) -8/Materials -7/Factory (discovered 4 exits: Sto x2 / Low x2) History --------- Turn | Location | Event 7 | -11/Scrapyard | Discovered new exit (range 3) 14 | -11/Scrapyard | Entered Materials 176 | -10/Materials | Discovered new exit (range 6) 191 | -10/Materials | Core integrity fell below 50% 292 | -10/Materials | Entered another Materials area 292 | -9/Materials | Evolved 2 slots: Utility x2 323 | -9/Materials | Build established: Mutant 829 | -9/Materials | Identified exit to Mines 1112 | -9/Materials | Discovered new exit (range 5) 1254 | -9/Materials | Entered another Materials area 1254 | -8/Materials | Evolved 2 slots: Utility x2 1496 | -8/Materials | Lost 3 parts (1p1n1u) 1597 | -8/Materials | Discovered new exit (range 16) 1649 | -8/Materials | Entered Factory 1649 | -7/Factory | Evolved 2 slots: Propulsion x2 1760 | -7/Factory | Identified exit to Storage 1760 | -7/Factory | Identified exit to Lower Caves 1844 | -7/Factory | Build established: Scavenger-Mutant 2066 | -7/Factory | Lost 4 parts (1p1n1u1w) 2122 | -7/Factory | Self-destructed Last Messages --------------- 02082_ Hrd. Light Armor Plating destroyed. 02083_ Slug penetrates G-47 Trooper. 02084_ Visual Processing Unit destroyed. 02085_ Slug penetrates G-47 Trooper. 02086_ Aluminum Leg destroyed. 02087_ Power Conduit explodes. 02087_ G-47 Trooper destroyed. 02087_ Power Conduit explodes. 02087_ Imp. Aluminum Leg destroyed. 02087_ Destroyed Imp. Aluminum Leg. 02087_ Power Conduit explodes. 02087_ Carbon-fiber Leg destroyed. 02087_ Destroyed Carbon-fiber Leg. 02095_ Slug penetrates Wall. 02098_ Gauss Rifle destroyed. 02101_ Airjet destroyed. 02101_ Destroyed Hvy. Laser. 02114_ The unstable cave ceiling collapses. 02114_ EMP Blaster destroyed. 02117_ Gauss Rifle destroyed. Map ----- +----------------------------------------------------+ | ??????????? " # | | ????????????"" " ######## | | ????????????" #??????? | | ???????????"S #??????? | | ???????????"" #??????? | | ??????????? " # " #??????? | | ??????????# " #??????? | | ?????##############/#### ""# #??????? | | ???? #??????? | | ???? #??????? | | ??? #??????? | | ??? #??????? | | ??? #??????? | | ???????############Y#############+#########??????? | | ?????????????# #?? ?????????????? | | ?????????????# #?? ?????????????? | | ?????????????# #? g ?????????????? | | ?????????????# g #? ??????????????? | | ???????????### ## ???????????????? | | ???????????# ; ???????????????? | | ??????????## ; "??????????????? | | ??????????# ; """ ??????????????? | | ??????????## "R "??????????????? | | ??????????# """ "??????????????? | | ???????????# ; "" """????????????? | | ???????????# @ ; ! #????????? | | ???????????# ; # ;######???????????????? | | ???????????# #????????????????????? | | ???????????### # # ###????????????????????? | | ?????????????############# #?????????????????????? | | ??????????????????????????##?????????????????????? | | | | | | | | | | | | | | | | | | | | | | | | | | | | | | | | | | | | | | | +----------------------------------------------------+ Best States ------------- Heat Dissipation 48 Energy Generation 14 Energy Capacity 650 Matter Stores 300 Matter Capacity 300 Sight Range 18 Robot Scan Range 16 Terrain Scan Density 210 Armor Coverage 150 Evasion (%) 53 Recoil Reduction 2 Offensive Hacking 10 Item Schematics ----------------- None Robot Schematics ------------------ None Fabricated ------------ Nothing Alien Tech Used ----------------- None Achievements -------------- None Challenges ------------ None Game ------ Seed PhaseStasisInsulator Manual? 0 Play Time 00:45:21 Cumulative 31.0 hours Start 2021.02.09 @ 21:29:17 End 2021.02.09 @ 22:13:38 Sessions 1 Manual Loads 0 Difficulty Rogue Special Mode None Game No. 36 Rogue 32 Adventurer 0 Explorer 4 Win Type - Total 0 Types 0/0/0/0/0/0/0/0/0 Lore% 15 Gallery% 25 Achievement% 21 Wizard Run 0 Options --------- ASCII 0 Keyboard 1 Movement Arrows Keybinds 0 Fullscreen 2 Font 24/Terminus Map View 113x50 Tactical HUD 1 Map Filters NONE Filters NONE Steam 1 RUN: 60cb18ae-e67d-4bd4-926e-4b392b532554